 Dungeon Crawl Stone Soup version 0.30.0 (webtiles) character file.

Game seed: 9148267626881876303

1320 dialectric the Cruncher (level 8, -4/48 HPs)
             Began as a Gargoyle Wanderer on May 6, 2023.
             Was a Believer of Makhleb.
             Slain by an orc warrior
             ... wielding a +0 great sword
              (6 damage)
             ... on level 6 of the Dungeon.
             The game lasted 00:07:08 (4776 turns).

dialectric the Cruncher (Gargoyle Wanderer)         Turns: 4776, Time: 00:07:08

Health: -4/48      AC: 18    Str: 19    XL:     8   Next: 59%
Magic:  8/8        EV: 10    Int: 11    God:    Makhleb [**....]
Gold:   315        SH:  0    Dex: 10    Spells: 7/7 levels left

rFire   . . .        j - +2 lajatang (elec)
rCold   . . .        (shield currently unavailable)
rNeg    + . .        c - +1 scale mail
rPois   ∞            z - +1 hat
rElec   +            (no cloak)
rCorr   .            (no gloves)
SInv    .            y - +2 pair of boots
Will    .....        n - amulet of magic regeneration Stlth
                     (no ring)
HPRegen 0.28/turn    (no ring)
MPRegen 0.51/turn

%: no passive effects
@: no status effects
A: sickness immunity, AC +5, negative energy resistance 1, electricity
resistance, torment resistance 1, petrification resistance
a: Renounce Religion, Minor Destruction


You were on level 6 of the Dungeon.
You worshipped Makhleb.
Makhleb was pleased with you.
You visited 1 branch of the dungeon, and saw 6 of its levels.
You also visited: Ossuary.

You collected 315 gold pieces.

Inventory:

Hand Weapons
 a - a +0 quarterstaff
 j - a +2 lajatang of electrocution (weapon)
Missiles
 o - 5 poisoned darts (quivered)
Armour
 c - a +1 scale mail (worn)
 y - a +2 pair of boots (worn)
 z - a +1 hat (worn)
Jewellery
 m - the ring "Becutal" {+Blink rPois Dex+3 SInv Stlth+}
   (You found it on level 5 of the Dungeon)

   [ring of see invisible]

   Dex:       It affects your dexterity (+3).
   rPois:     It protects you from poison.
   SInv:      It lets you see invisible.
   +Blink:    It lets you blink.
   Stlth:     It makes you more stealthy.
 n - an amulet of magic regeneration (around neck)
 t - a +4 ring of protection
 v - an amulet of reflection
Wands
 A - a wand of flame (21)
Scrolls
 b - a scroll of fear
 d - a scroll of teleportation
 e - 2 scrolls of enchant armour
 h - a scroll of immolation
 k - 6 scrolls of identify
 q - 2 scrolls of amnesia
 u - a scroll of summoning {unknown}
Potions
 f - 5 potions of curing
 g - a potion of flight {unknown}
 i - 5 potions of lignification {unknown}
 l - 2 potions of attraction {unknown}
 p - 2 potions of haste {unknown}
 r - 3 potions of heal wounds {unknown}
 s - 2 potions of mutation {unknown}
 w - 2 potions of berserk rage {unknown}
 x - 3 potions of magic {unknown}


   Skills:
 + Level 4.8 Fighting
 + Level 8.0 Staves
 - Level 1.0 Throwing
 + Level 4.5 Armour
 * Level 2.6 Dodging
 + Level 0.8 Stealth
 - Level 3.0 Unarmed Combat


You had 7 spell levels left.
You didn't know any spells.
Your spell library contained the following spells:

 Spells                   Type           Power      Damage    Failure   Level
 Necrotise                Necr           0%         1d4       69%         1
 Wereblood                Tmut           0%         N/A       83%         2
 Vampiric Draining        Necr           0%         2d6       96%         3
 Agony                    Necr           0%         N/A       100%        5
 Summon Hydra             Summ           0%         N/A       100%        7
 Sublimation of Blood     Necr           Unusable   N/A       N/A         2

Dungeon Overview and Level Annotations

Branches:
Dungeon (6/15)            Ossuary (visited)
 Temple: D:4-7

Altars:
Makhleb
Ru

Shops:
D:2 ?   D:3 *(:

Annotations:
D:5 Blork the orc
D:6 Eustachio


Innate Abilities, Weirdness & Mutations

You are immune to sickness and miasma.
Your stone body is resilient. (AC +5)
You are immune to poison.
You resist negative energy. (rN+)
You are resistant to electric shocks. (rElec)
You are resistant to unholy torment.
You are immune to petrification.


Message History

The orc warrior hits you but does no damage.
You barely miss the orc warrior.
The orc warrior is moderately wounded.
The orc warrior hits you with a +0 great sword.
You closely miss the orc warrior.
The orc warrior is moderately wounded.
The orc warrior closely misses you.
You hit the orc warrior but do no damage.
The orc warrior is moderately wounded.
The orc warrior barely misses you.
You slash the orc warrior!
The orc warrior is heavily wounded.
The orc warrior barely misses you.
You slash the orc warrior!
The orc warrior is almost dead.
The shadow imp disappears in a puff of smoke!
The orc warrior barely misses you.
You closely miss the orc warrior.
The orc warrior is almost dead.
The orc warrior hits you but does no damage.
You hit the orc warrior but do no damage.
The orc warrior is almost dead.
The orc warrior hits you with a +0 great sword.
You completely miss the orc warrior.
The orc warrior is almost dead.
The orc warrior hits you but does no damage.
You hit the orc warrior but do no damage.
The orc warrior is almost dead.
The orc warrior closely misses you.
You hit the orc warrior.
The orc warrior is almost dead.
The orc warrior hits you with a +0 great sword!
* * * LOW HITPOINT WARNING * * *
You barely miss the orc warrior.
The orc warrior is almost dead.
The orc warrior hits you but does no damage.
You closely miss the orc warrior.
The orc warrior is almost dead.
The orc warrior hits you with a +0 great sword.
You die...

............~~~~
............# #.#.. ...
.........##.#### ...####.##
######.........##
##........# ####........
.........#
##########.#.##.##
#...###..###..........#.##.#
#...#)#...##.##########.##.#
#..)###..b##@# #.##.#
#<.......5§#o# #.##.#
#.o......#.@z# #.##.#
#.##....##.### #.##
#.##.#####.# #.##
###.##.#####.# #.##
#........!.#.# #...
#.#.######.#.# #### .##.#.#
#.#


You could see Eustachio, an orc warrior and a wight.

Vanquished Creatures
  Sigmund (D:2)
  An ice beast (D:5)
  2 orc warriors (D:5)
  An ogre (D:5)
  A scorpion (D:6)
  A bullfrog zombie (D:4)
  A hound (D:6)
  A jelly (D:6)
  A gnoll bouda (D:3)
  An orc priest (D:5)
  A sleepcap (D:5)
  Terence (D:3)
  An iguana (D:5)
  3 scorpion zombies (D:4)
  Natasha (thrice) (D:3)
  An orc wizard (D:4)
  A hound zombie (D:4)
  A hound skeleton (D:4)
  3 mummies (Ossuary)
  7 gnolls
  4 adders
  2 shadow imps (D:5)
  A white imp (D:6)
  6 adder zombies
  4 worms
  6 dart slugs
  10 orcs
  5 endoplasms
  4 giant cockroaches
  9 hobgoblins
  6 kobolds
  A quokka (D:3)
  5 ball pythons
  7 bats
  5 frilled lizards (D:1)
  10 goblins
  3 hobgoblin zombies (Ossuary)
  2 orc zombies (Ossuary)
  3 quokka zombies (Ossuary)
  7 rats
  5 rat zombies (Ossuary)
138 creatures vanquished.

Vanquished Creatures (others)
  2 fungi (D:3)
  6 plants
  2 withered plants (D:4)
10 creatures vanquished.

Grand Total: 148 creatures vanquished

Notes
Turn   | Place    | Note
-------+----------+-------------------------------------------
     0 | D:1      | dialectric the Gargoyle Wanderer began the quest for the
                  | Orb.
     0 | D:1      | dialectric set off with the following items: a +0
                  | quarterstaff, 2 scrolls of fear, a +0 scale mail, a scroll
                  | of teleportation.
     0 | D:1      | Reached XP level 1. HP: 12/12 MP: 1/1
   162 | D:1      | Reached XP level 2. HP: 17/18 MP: 2/2
   328 | D:1      | Reached XP level 3. HP: 16/22 MP: 3/3
   788 | D:2      | Reached skill level 3 in Staves
   854 | D:2      | Found a burning altar of Makhleb.
   865 | D:2      | Became a worshipper of Makhleb the Destroyer
  1069 | D:2      | Found Zidafyadd's Magic Scroll Shop.
  1186 | D:2      | Reached XP level 4. HP: 27/27 MP: 4/4
  1237 | D:2      | Noticed Sigmund
  1247 | D:2      | Killed Sigmund
  1248 | D:2      | Reached skill level 4 in Staves
  1248 | D:2      | Reached XP level 5. HP: 32/32 MP: 5/5
  1621 | D:3      | Found a faded altar of an unknown god.
  1632 | D:3      | Reached XP level 6. HP: 37/37 MP: 6/6
  1634 | D:3      | Reached * piety under Makhleb
  1657 | D:3      | Found Jomu's Book Shoppe.
  1757 | D:3      | Found Roatucid's Weapon Shop.
  1765 | D:3      | Noticed Terence
  1771 | D:3      | Killed Terence
  1772 | D:3      | Reached skill level 5 in Staves
  1890 | D:3      | Noticed Natasha
  1894 | D:3      | Killed Natasha
  2028 | D:3      | Noticed Natasha
  2032 | D:3      | Killed Natasha
  2051 | D:3      | Noticed Natasha
  2060 | D:3      | Killed Natasha
  2061 | D:3      | Reached skill level 1 in Dodging
  2144 | D:3      | Found Rani's Assorted Antiques.
  2342 | D:3      | Found a faded altar of an unknown god.
  2626 | D:3      | Reached XP level 7. HP: 33/42 MP: 7/7
  2647 | D:4      | Reached skill level 6 in Staves
  2761 | D:4      | Identified a scroll of acquirement
  2761 | D:4      | Acquired a +2 lajatang of electrocution
  2869 | D:4      | Reached ** piety under Makhleb
  2875 | D:4      | Found a sand-covered staircase.
  2890 | Ossuary  | Entered an ossuary
  3317 | D:5      | Entered Level 5 of the Dungeon
  3331 | D:5      | Reached XP level 8. HP: 47/48 MP: 8/8
  3466 | D:5      | Identified the ring "Becutal" {+Blink rPois Dex+3 SInv
                  | Stlth+}
  3535 | D:5      | Reached skill level 7 in Staves
  4022 | D:5      | Found a sacrificial altar of Ru.
  4255 | D:6      | Noticed Eustachio
  4256 | D:6      | Noticed Blork the orc
  4439 | D:5      | Reached skill level 8 in Staves
  4774 | D:6      | HP: 1/48 [orc warrior/+0 great sword (15)]
  4776 | D:6      | Slain by an orc warrior

Illustrated notes

Levels and vault maps discovered:
D:1:      giann_wishing_wells, layout_loops_ring, hex_large,
          minmay_close_crescents
D:2:      layout_basic, basic_altar, serial_shops,
          nicolae_shop_tiny_real_fake_doors, uniq_sigmund
D:3:      layout_loops_cross, nicolae_overflow_ecumenical_swirl, serial_shops,
          nicolae_shop_stone, nicolae_shop_crystal, shop,
          shapermc_ecumenical_altar_mp_ritualfount, dreamdust_princess_corridor,
          uniq_natasha, uniq_terence
D:4:      layout_loops_ring, serial_undead, serial_undead_a, serial_undead_c,
          serial_undead_e, serial_undead_f,
          nicolae_ossuary_entry_false_entrances
D:5:      layout_loops_corners, nicolae_ru_the_path_less_chosen
D:6:      layout_loops_ring, kennysheep_mini_moat, sword_in_stone

Skill      XL: |  1  2  3  4  5  6  7  8 |
---------------+-------------------------+-----
Staves         | 3 4 5 6 8 |  8.0
Fighting       | 3 4 |  4.8
Armour         | 3 4 |  4.5
Dodging        | 1 2 |  2.6
Throwing       | |  1.0
Stealth        | |  0.8
Unarmed Combat | |  3.0

Action                     |  1- 3 |  4- 6 |  7- 9 || total
---------------------------+-------+-------+-------++-------
  Melee: Quarterstaff      |   124 |    98 |    39 ||   261
         Lajatang          |       |       |   142 ||   142
    Use: Potion            |       |     1 |       ||     1
         Scroll            |       |       |    10 ||    10
 Armour: Scale mail        |    53 |    48 |    88 ||   189
  Dodge: Dodged            |    53 |    46 |    92 ||   191
